 Dungeon Crawl Stone Soup version 0.19.5 (webtiles) character file.

417 RaHiT the Magician (level 6, -3/41 HPs)
             Began as a Mummy Conjurer on Apr 13, 2017.
             Shot with an arrow by a centaur (17 damage)
             ... on level 5 of the Dungeon.
             The game lasted 00:28:27 (5610 turns).

RaHiT the Magician (Mummy Conjurer)                 Turns: 5610, Time: 00:28:28

Health: -3/41      AC:  3    Str: 11    XL:     6   Next: 61%
Magic:  12/13      EV: 12    Int: 16    God:
Gold:   219        SH:  0    Dex: 13    Spells: 3 memorised, 8 levels left

rFire  . . .     SeeInvis .     m - +1 short sword (drain)
rCold  . . .     Gourm    .     a - +0 robe
rNeg   + + +     Faith    .     (no shield)
rPois  ∞         Spirit   .     i - +0 helmet
rElec  .         Reflect  .     (no cloak)
rCorr  .         Harm     .     (no gloves)
MR     .....                    (no boots)
Stlth  ++........               (no amulet)
                                c - ring of fire
                                o - ring of flight

@: no status effects
A: no food or potions, fire vulnerability, cold resistance 1, negative energy
resistance 3, torment resistance, unbreathing
a: Evoke Flight


You were on level 5 of the Dungeon.
You were not hungry.

You visited 1 branch of the dungeon, and saw 5 of its levels.

You collected 219 gold pieces.

Inventory:

Hand Weapons
 h - a +0 hunting sling
 m - a +1 short sword of draining (weapon)
Missiles
 d - 135 stones (quivered)
 f - 12 poisoned needles
 g - 64 sling bullets
Armour
 a - a +0 robe (worn)
 i - a +0 helmet (worn)
Jewellery
 c - a ring of fire (right hand)
 o - a ring of flight (left hand)
Wands
 r - a wand of slowing (5/48)
Scrolls
 e - 2 scrolls of noise
 j - a scroll of random uselessness
 k - a scroll of amnesia
 l - 2 scrolls of remove curse
 n - a scroll of enchant armour
 p - a scroll of immolation
Books
 b - a book of Conjurations

   Spells                             Type                      Level
   a - Magic Dart                     Conjuration                  1
   b - Searing Ray                    Conjuration                  2
   c - Dazzling Spray                 Conjuration/Hexes            3
   d - Fulminant Prism                Conjuration/Hexes            4
   e - Iskenderun's Mystic Blast      Conjuration                  4
   f - Iskenderun's Battlesphere      Conjuration/Charms           5


   Skills:
 - Level 1.5 Dodging
 - Level 1.5 Stealth
 - Level 5.0 Spellcasting
 * Level 5.0 Conjurations


You had 8 spell levels left.
You knew the following spells:

 Your Spells              Type           Power        Failure   Level  Hunger
a - Magic Dart            Conj           ###.         1%          1    N/A
b - Iskenderun's Mystic   Conj           ###.....     21%         4    N/A
q - Searing Ray           Conj           ###...       3%          2    N/A

Dungeon Overview and Level Annotations

Branches:
Dungeon (5/15)
 Temple: D:4-7

Altars:
Ashenzari
Dithmenos

Annotations:
D:3 Purgy
D:5 Arvee's ghost, novice DDFi


Innate Abilities, Weirdness & Mutations

You do not eat or drink.
Your flesh is vulnerable to fire.
You are immune to poison.
Your flesh is cold resistant. (rC+)
You are immune to negative energy. (rN+++)
You are immune to unholy pain and torment.
You can survive without breathing.


Message History

Press: ? - help, v - describe, . - travel
Here: a centaur (hasn't noticed you)
The floor.
Evoke which item? (* to show all) (? for menu, Esc to quit)
Zapping:
r - a wand of slowing (will waste charges)
Press: ? - help, Shift-Dir - straight line, f - centaur
Aim: a centaur (hasn't noticed you, chance to defeat MR: 51%)
Okay, then.
The centaur shouts!
The centaur wields a shortbow.
The centaur shoots an arrow.
The arrow hits you!
The centaur shoots an arrow.
The arrow hits you.
You see here an arrow.
Evoke which item? (* to show all) (? for menu, Esc to quit)
Zapping:
r - a wand of slowing (will waste charges)
Press: ? - help, Shift-Dir - straight line, f - centaur
Aim: a centaur, wielding a shortbow (chance to defeat MR: 51%)
The centaur resists with significant effort.
Evoking this partially-identified wand wasted a few charges.
The centaur shoots an arrow.
The arrow hits you!
You die...

###.# #....#....#..#.
##...###########....#..###.##.
#....#..##.....#....#..###.#..
#..............#....'......#..
#..............#....#......#..
#...##..#......#....#......#..
#....####.#+####....##'#####..
##...# #.....................
##### #....@................
#.....................
#..........c..........
#...........######....
######'#....#....'....
.(#....#....#....
..#....#....#.... #########
..#....#....#....
........##### .#....#....#....


You could see a centaur.

Vanquished Creatures
  A wyvern skeleton (D:5)
  2 hounds (D:5)
  4 orc wizards
  A worker ant (D:5)
  8 adders
  An ooze (D:1)
  A worm (D:2)
  2 dart slugs
  2 leopard geckos (D:2)
  7 orcs
  A ball python (D:1)
  6 giant cockroaches
  9 goblins
  5 hobgoblins
  8 jackals
  6 bats
  5 frilled lizards
  8 kobolds
  A leopard gecko zombie (D:5)
  A quokka zombie (D:5)
  12 rats
91 creatures vanquished.

Notes
Turn   | Place    | Note
-------+----------+-------------------------------------------
     0 | D:1      | RaHiT the Mummy Conjurer began the quest for the Orb.
     0 | D:1      | Reached XP level 1. HP: 13/13 MP: 3/3
   272 | D:1      | Reached XP level 2. HP: 7/19 MP: 1/5
   276 | D:1      | Learned a level 2 spell: Searing Ray
  1500 | D:1      | Reached XP level 3. HP: 24/24 MP: 4/7
  2782 | D:2      | Reached XP level 4. HP: 28/30 MP: 5/10
  3252 | D:3      | Noticed Purgy
  3484 | D:3      | Found a shadowy altar of Dithmenos.
  3485 | D:3      | Found a shattered altar of Ashenzari.
  3678 | D:3      | Reached skill level 5 in Spellcasting
  3678 | D:3      | Reached XP level 5. HP: 31/35 MP: 6/12
  4570 | D:5      | Entered Level 5 of the Dungeon
  4600 | D:5      | Reached XP level 6. HP: 39/41 MP: 0/13
  4853 | D:5      | Noticed Arvee's ghost (novice DDFi)
  5376 | D:5      | Learned a level 4 spell: Iskenderun's Mystic Blast
  5560 | D:5      | Reached skill level 5 in Conjurations
  5610 | D:5      | Shot with an arrow by a centaur

Skill      XL: |  1  2  3  4  5  6 |
---------------+-------------------+-----
Spellcasting   | 3 4 5 |  5.0
Conjurations   | 4 5 |  5.0
Dodging        | |  1.5
Stealth        | |  1.5

Action                   |  1- 3 |  4- 6 || total
-------------------------+-------+-------++-------
Melee: Unarmed           |    34 |       ||    34
       Short sword       |       |    22 ||    22
 Fire: Hunting sling     |    14 |    40 ||    54
Throw: Stone             |    21 |     2 ||    23
 Cast: Magic Dart        |    40 |     5 ||    45
       Searing Ray       |    21 |    26 ||    47
Evoke: Wand              |       |     1 ||     1
  Use: Scroll            |       |     6 ||     6
Armor: Robe              |    19 |    14 ||    33
Dodge: Dodged            |    95 |    52 ||   147
